 Dungeon Crawl Stone Soup version 0.30-a0-946-gec5dcfc036 (webtiles) character file.

Game seed: 15602818828088844258

1548826 PaperRat the Scribe (level 25, 204/204 HPs)
             Began as a Demonspawn Enchanter on Mar 26, 2023.
             Was a Priest of Sif Muna.
             Escaped with the Orb
             ... and 3 runes!
             The game lasted 07:24:33 (79222 turns).

PaperRat the Scribe (Demonspawn Enchanter)         Turns: 79222, Time: 07:24:33

Health: 204/204    AC: 15    Str: 16    XL:     25   Next: 87%
Magic:  43/51      EV: 25    Int: 25    God:    Sif Muna [***...]
Gold:   2500       SH: 17    Dex: 24    Spells: 9/54 levels left

rFire   + . .      SeeInvis +    w - +7 dagger of Spontaneous Combustion {venom, MP+9 Int+3}
rCold   + . .      Faith    .    m - +2 kite shield {rC+}
rNeg    . . .      Spirit   .    C - +2 robe {Will+}
rPois   +          Reflect  .    h - +2 helmet {SInv}
rElec   +          Rampage  .    T - +2 cloak {rPois}
rCorr   +                        M - +3 pair of gloves "Luluzxys" {*Slow rElec Dex+3}
Will    +++..                    (boots unavailable)
Stlth   ++                       N - amulet of magic regeneration
HPRegen 0.54/turn                y - ring of willpower
MPRegen 0.72/turn                e - ring "Piytalut" {rF+ rCorr Dex+6, =R}

@: repel missiles
A: hooves 3, repulsion field 3, demonic guardian 3, demonic magic 3, bedeviling,
strong 1
0: Orb of Zot
}: 3/15 runes: decaying, serpentine, slimy
a: Renounce Religion, Channel Magic, Forget Spell


You escaped.
You worshipped Sif Muna.
Sif Muna was most pleased with you.
You visited 12 branches of the dungeon, and saw 53 of its levels.
You visited 1 bazaar.
You also visited: Gauntlet, Ice Cave and Wizlab.

You collected 7973 gold pieces.
You spent 5473 gold pieces at shops.

Inventory:

Hand Weapons
 a - a +9 rapier of electrocution
 q - the +6 scimitar of Defiance {elec, rPois Will+ Int+2}
   (You found it on level 5 of the Pits of Slime)

   Int:       It affects your intelligence (+2).
   rPois:     It protects you from poison.
   Will:      It increases your willpower.
 w - the +7 dagger of Spontaneous Combustion (weapon) {venom, MP+9 Int+3}
   (You found it on level 5 of the Lair of Beasts)

   Int:       It affects your intelligence (+3).
   MP:        It affects your magic capacity (+9).
Missiles
 v - 11 curare-tipped darts (quivered)
Armour
 h - a +2 helmet of see invisible (worn)
 m - a +2 kite shield of cold resistance (worn)
 C - a +2 robe of willpower (worn)
 D - an orb of guile
 M - the +3 pair of gloves "Luluzxys" (worn) {*Slow rElec Dex+3}
   (You found it on level 8 of the Dungeon)

   Dex:       It affects your dexterity (+3).
   rElec:     It insulates you from electricity.
   *Slow:     It may slow you when you take damage.
 T - a +2 cloak of poison resistance (worn)
Magical Staves
 r - the staff of fire "Roatuphi" {*Slow rF+ rN+++ Will+}
   (You found it on level 3 of the Elven Halls)

   [staff of fire]

   Base accuracy: +5 Base damage: 5 Base attack delay: 1.2 This weapon's minimum
   attack delay (0.6) is reached at skill level 12.
   rF:        It protects you from fire.
   rN:        It renders you almost immune to negative energy.
   *Slow:     It may slow you when you take damage.
   Will:      It increases your willpower.
   It falls into the 'Staves' category.
   It is a one-handed weapon.
Jewellery
 e - the ring "Piytalut" (right hand) {rF+ rCorr Dex+6, =R}
   (You found it on level 14 of the Dungeon)

   [ring of dexterity]

   Dex:       It affects your dexterity (+6).
   rF:        It protects you from fire.
   rCorr:     It protects you from acid and corrosion.
 y - a ring of willpower (left hand)
 G - a +6 ring of intelligence
 N - an amulet of magic regeneration (around neck)
 U - a ring of positive energy
Wands
 b - a wand of roots (15)
 c - a wand of light (18)
 d - a wand of digging (7)
 n - a wand of paralysis (51)
 z - a wand of mindburst (45)
Scrolls
 i - 26 scrolls of teleportation {@r3}
 j - 3 scrolls of enchant armour
 l - 3 scrolls of summoning
 x - 6 scrolls of vulnerability
 J - a scroll of blinking {@r5}
 L - 12 scrolls of poison
 P - 4 scrolls of silence
 R - 4 scrolls of immolation
 X - a scroll of fog {@r2}
 Y - 3 scrolls of fear {@r4}
Potions
 g - 15 potions of mutation {@q6}
 k - 4 potions of invisibility
 p - 4 potions of cancellation
 t - 2 potions of might {@q3}
 u - 22 potions of curing {@q1}
 A - 3 potions of resistance
 B - 4 potions of heal wounds {@q2}
 F - 8 potions of ambrosia
 H - 7 potions of haste {@q4}
 I - 10 potions of lignification
 V - 6 potions of brilliance {@q5}
 Z - 6 potions of magic
Miscellaneous
 f - a lightning rod (4/4)
 o - a phantom mirror
 s - a tin of tremorstones (2/2)
 K - a box of beasts
 Q - a condenser vane
 S - a phial of floods


   Skills:
 - Level 18.0 Fighting
 - Level 14.0 Short Blades
 - Level 4.5 Armour
 - Level 12.0 Dodging
 - Level 14.0 Stealth
 - Level 14.0 Shields
 - Level 15.0 Spellcasting
 - Level 5.0 Conjurations
 - Level 22.0 Hexes
 - Level 8.0 Summonings
 - Level 8.0 Transmutations
 - Level 2.0 Ice Magic
 - Level 2.0 Earth Magic
 + Level 23.4 Invocations
 - Level 10.0 Evocations


You had 9 spell levels left.
You knew the following spells:

 Your Spells              Type           Power      Damage    Failure   Level
a - Enfeeble              Hex            57%        N/A       1%          7
b - Confusing Touch       Hex            100%       N/A       0%          3
d - Dazzling Flash        Conj/Hex       100%       N/A       1%          3
e - Ignite Poison         Fire/Tmut/Pois 32%        N/A       5%          3
f - Fulminant Prism       Conj/Hex       46%        3d21      1%          4
g - Passwall              Tmut/Erth      35%        N/A       1%          2
i - Irradiate             Conj/Tmut      25%        3d20      11%         5
s - Discord               Hex            57%        N/A       4%          8
v - Summon Mana Viper     Hex/Summ       96%        N/A       1%          5
x - Yara's Violent Unrav  Hex/Tmut       48%        3d19      1%          5

Your spell library contained the following spells:

 Spells                   Type           Power      Damage    Failure   Level
 Slow                     Hex            100%       N/A       0%          1
 Tukima's Dance           Hex            100%       N/A       0%          3
 Cause Fear               Hex            57%        N/A       0%          4
 Beastly Appendage        Tmut           100%       N/A       1%          1
 Foxfire                  Conj/Fire      100%       2x1d9     1%          1
 Kiss of Death            Conj/Necr      100%       2d13      1%          1
 Magic Dart               Conj           100%       1d8       1%          1
 Shock                    Conj/Air       100%       1d9       1%          1
 Sting                    Tmut/Pois      100%       1d8       1%          1
 Summon Small Mammal      Summ           100%       N/A       1%          1
 Call Imp                 Summ           56%        N/A       1%          2
 Ensorcelled Hibernation  Hex/Ice        100%       N/A       1%          2
 Searing Ray              Conj           86%        2d7       1%          2
 Wereblood                Tmut           56%        N/A       1%          2
 Call Canine Familiar     Summ           56%        N/A       1%          3
 Inner Flame              Hex/Fire       84%        N/A       1%          3
 Portal Projectile        Hex/Tloc       100%       N/A       1%          3
 Summon Guardian Golem    Hex/Summ       96%        N/A       1%          3
 Anguish                  Hex/Necr       42%        N/A       1%          4
 Leda's Liquefaction      Hex/Erth       43%        N/A       1%          4
 Metabolic Englaciation   Hex/Ice        43%        N/A       1%          5
 Silence                  Hex/Air        42%        N/A       1%          5
 Freeze                   Ice            100%       1d10      2%          1
 Sandblast                Erth           56%        2d13      2%          1
 Static Discharge         Conj/Air       62%        2-5/arc   3%          2
 Hailstorm                Conj/Ice       36%        3d9       3%          3
 Spider Form              Tmut/Pois      38%        N/A       3%          3
 Stone Arrow              Conj/Erth      72%        3d11      3%          3
 Apportation              Tloc           36%        N/A       5%          1
 Necrotise                Necr           72%        1d7       5%          1
 Blade Hands              Tmut           28%        N/A       5%          5
 Frozen Ramparts          Ice            56%        1d9       7%          3
 Ozocubu's Armour         Ice            28%        N/A       7%          3
 Animate Armour           Summ/Erth      86%        N/A       7%          4
 Ice Form                 Ice/Tmut       43%        N/A       7%          4
 Petrify                  Tmut/Erth      43%        N/A       7%          4
 Summon Ice Beast         Ice/Summ       43%        N/A       7%          4
 Cigotuvi's Dreadful Rot  Necr/Pois/Air  36%        N/A       9%          2
 Lesser Beckoning         Tloc           36%        N/A       9%          2
 Poisonous Vapours        Pois/Air       36%        N/A       9%          2
 Scorch                   Fire           36%        2d7       9%          2
 Sublimation of Blood     Necr           18%        N/A       9%          2
 Mephitic Cloud           Conj/Pois/Air  27%        N/A       9%          3
 Summon Lightning Spire   Summ/Air       38%        N/A       11%         4
 Gell's Gravitas          Tloc           18%        N/A       16%         3
 Kindle Blastsparks       Fire/Tloc/Air  36%        2d13      16%         3
 Swiftness                Air            18%        N/A       16%         3
 Teleport Other           Tloc           18%        N/A       16%         3
 Vampiric Draining        Necr           18%        2d7       16%         3
 Vhi's Electric Charge    Tloc/Air       36%        N/A       16%         3
 Flame Wave               Conj/Fire      31%        2d9       19%         4
 Iskenderun's Mystic Bla  Conj/Tloc      31%        2d8       19%         4
 Sticky Flame             Conj/Fire      31%        2d5       19%         4
 Iskenderun's Battlesphe  Conj           43%        2d9       19%         5
 Alistair's Intoxication  Tmut/Pois      25%        N/A       28%         5
 Summon Forest            Summ/Tloc      19%        N/A       28%         5
 Summon Cactus Giant      Summ           28%        N/A       30%         6
 Airstrike                Air            9%         2d(2-18)  47%         4
 Animate Dead             Necr           18%        N/A       47%         4
 Dispel Undead            Necr           18%        3d11      47%         4
 Manifold Assault         Tloc           18%        N/A       47%         4
 Olgreb's Toxic Radiance  Pois           18%        N/A       47%         4
 Passage of Golubria      Tloc           18%        N/A       47%         4
 Arcjolt                  Conj/Air       15%        1d25      47%         5
 Fireball                 Conj/Fire      15%        3d8       47%         5
 Freezing Cloud           Conj/Ice/Air   15%        6-21      52%         5
 Lee's Rapid Deconstruct  Erth           14%        3d9*      54%         5
 Borgnjor's Vile Clutch   Necr/Erth      11%        N/A       69%         5
 Statue Form              Tmut/Erth      28%        N/A       71%         6
 Agony                    Necr           18%        N/A       83%         5
 Plasma Beam              Fire/Air       9%         2x1d21    83%         5
 Eringya's Noxious Bog    Tmut/Pois      19%        N/A       85%         6
 Dragon Form              Tmut           28%        N/A       86%         7
 Monstrous Menagerie      Summ           28%        N/A       86%         7
 Summon Hydra             Summ           28%        N/A       86%         7
 Iron Shot                Conj/Erth      18%        9d4       89%         6
 Conjure Ball Lightning   Conj/Air       15%        3x3d6     96%         6
 Starburst                Conj/Fire      15%        6d6       96%         6
 Spellforged Servitor     Conj/Summ      25%        N/A       97%         7
 Simulacrum               Ice/Necr       11%        N/A       99%         6
 Orb of Destruction       Conj           21%        9d8       99%         7
 Death Channel            Necr           9%         N/A       100%        6
 Dispersal                Tloc           9%         N/A       100%        6
 Haunt                    Necr/Summ      19%        N/A       100%        7
 Malign Gateway           Summ/Tloc      19%        N/A       100%        7
 Ozocubu's Refrigeration  Ice            14%        4d10      100%        7
 Storm Form               Tmut/Air       19%        N/A       100%        7
 Borgnjor's Revivificati  Necr           9%         N/A       100%        8
 Disjunction              Tloc           9%         N/A       100%        8
 Ignition                 Fire           9%         3d5       100%        8
 Infestation              Necr           9%         N/A       100%        8
 Lehudib's Crystal Spear  Conj/Erth      18%        10d5      100%        8
 Maxwell's Capacitive Co  Air            9%         ∞         100%        8
 Necromutation            Tmut/Necr      19%        N/A       100%        8
 Summon Horrible Things   Summ           28%        N/A       100%        8
 Chain Lightning          Conj/Air       15%        3d20      100%        9
 Death's Door             Necr           9%         N/A       100%        9
 Dragon's Call            Summ           28%        N/A       100%        9
 Fire Storm               Conj/Fire      15%        8d4       100%        9
 Polar Vortex             Ice            14%        N/A       100%        9
 Shatter                  Erth           14%        3d14*     100%        9


Dungeon Overview and Level Annotations

Branches:
Dungeon (15/15)            Temple (1/1) D:5            Lair (5/5) D:10
  Swamp (4/4) Lair:3        Snake (4/4) Lair:3        Slime (5/5) Lair:4
    Orc (2/2) D:10            Elf (3/3) Orc:2        Vaults (4/5) D:14
  Crypt (1/3) Vaults:3     Depths (4/4) D:15            Zot (5/5) Depths:4
  IceCv (visited)          WizLab (visited)         Gauntlet (visited)

Altars:
Ashenzari
Cheibriados
Dithmenos
Fedhas
Gozag
Hepliaklqana
Kikubaaqudgha
Makhleb
Nemelex Xobeh
Okawaru
Qazlal
Ru
Sif Muna
Trog
Uskayaw
Vehumet
Wu Jian
Xom
Yredelemnul
Jiyva

Shops:
D:3 !   D:6 (   D:10 *   D:12 *   Orc:2 ([?   Elf:1 (:[!   Snake:1 =
Snake:2 =:*   Vaults:3 !

Portals:
Hell: Depths:1 Depths:2 Depths:3 Depths:4
Abyss: Depths:1 Depths:3
Pandemonium: Depths:2 Depths:3
Ziggurat: Depths:3

Annotations:
Elf:2 3 runed translucent doors
Zot:4 3 runed translucent doors, 9 exclusions, Saleveob's ghost, legendary GrNe


Innate Abilities, Weirdness & Mutations

You have hooves in place of feet.
You are surrounded by a strong repulsion field. (EV +4, RMsl)
A powerful demonic guardian rushes to your aid.
Spells you cast and wands you use may paralyse nearby enemies.
Your hexes are more powerful.
Your muscles are strong. (Str +4, Int/Dex -1)


Message History

There is a stone staircase leading down here.
(D) Dungeon (T) Temple (L) Lair (S) Swamp (P) Snake Pit (M) Slime Pits (O) Orcish Mines (E) Elven Halls (V) Vaults (C) Crypt (U) Depths (H) Hell (Z) Zot
Where to? (Enter - D:1 @ (x,y), ? - help)
An Ice Fiend comes into view.
Casting: Enfeeble (mildly dangerous; 1% risk of failure)
Confirm with . or Enter, or press ? or * to list all spells.
Aiming: Enfeeble (mildly dangerous; 1% risk of failure)
Press: ? - help, Shift-Dir - straight line, f - Ice Fiend
Aim: an Ice Fiend (wandering, hasn't noticed you, will inflict weakness and antimagic)
You feel a surge of power!
The Ice Fiend partially resists.
The Ice Fiend is enfeebled!
Malevolent energies surge around you.
The Ice Fiend falters for a moment.
You begin accumulating electric charge. (Press . to continue charging.) Malevolent energies surge around you.
You feel charge building up...
You feel charge building up...
You feel charge building up...
You feel charge building up...
The electricity discharges through the Ice Fiend!
The Ice Fiend vaporises in an electric haze!
You kill the Ice Fiend!
Sif Muna accepts your kill.
(D) Dungeon (T) Temple (L) Lair (S) Swamp (P) Snake Pit (M) Slime Pits (O) Orcish Mines (E) Elven Halls (V) Vaults (C) Crypt (U) Depths (H) Hell (Z) Zot
Where to? (Enter - D:1 @ (x,y), ? - help)
There is a stone staircase leading up here.
You climb upwards.
There is a stone staircase leading down here.
Magic restored.
There is a staircase leading out of the dungeon here.
The dungeon rumbles!
Ka-crash!
Malevolent energies surge around you.
You can no longer call upon Sif Muna to cast any spell from your library.
Okay, then.
You have escaped!

..................# #.##.##.#
.#..#.....###.....# #.#.[.#.#
##..#.....# #.....# ##..#.##.#
.....###...#####.##..#.##.##.#
##.#'#...........#.. ........#
#..#.#.............#.####.####
#.##'#.#.○...#...#[..####.#
#....+..≈°................#
######.8.°......@#.....####
#....+..≈...............
#.##'#.#..#......#..##.#
.###.#...........##.##.# ##
#+#.................# #
#.###...#.#.#####.### ##
#.....# ...# # .###.#########
#...##


There were no monsters in sight!

Vanquished Creatures
  the Royal Jelly (Slime:5)
  Tiamat (Zot:1)
  3 dread liches (Zot:5)
  3 orbs of fire
  Mara (Snake:4)
  4 ancient liches (Zot:5)
  A juggernaut (Depths:4)
  6 Killer Klowns
  A shard shrike (IceCv)
  4 curse toes
  Saint Roka (Orc:2)
  10 golden dragons
  An electric golem (Zot:1)
  An Ice Fiend (D:2)
  15 tentacled monstrosities
  15 Orb Guardians
  2 deep elf blademasters (Elf:3)
  2 deep elf master archers (Elf:3)
  7 quicksilver dragons
  Frances (D:14)
  5 death cobs
  Gastronok (D:12)
  2 Executioners
  4 sphinxes
  5 acid blobs (Slime:5)
  2 ancient champions (Crypt:1)
  10 nagarajas
  3 rockslimes
  4 draconian monks
  Kirke (D:12)
  A fenstrider witch (Swamp:2)
  5 shadow dragons
  7 azure jellies
  7 storm dragons
  2 fire giants
  3 draconian knights
  6 deep elf sorcerers
  2 frost giants
  7 vault wardens
  2 draconian shifters
  Louise (D:14)
  7 ghouls
  A draconian scorcher (Zot:4)
  A caustic shrike zombie (Crypt:1)
  An orc warlord (Vaults:3)
  A cacodemon (D:14)
  2 deep elf elementalists (Elf:3)
  9 quicksilver oozes
  A draconian annihilator (Depths:4)
  4 ironbound preservers
  6 ironbound thunderhulks
  3 eleionomae
  5 green draconians
  2 spriggan defenders (Depths:2)
  6 deep elf demonologists (Elf:3)
  11 very ugly things
  The ghost of xight the Eclecticist, a journeyman DEFE of Vehumet (Lair:5)
  8 stone giants
  5 vampire knights
  4 purple draconians
  4 yellow draconians
  2 dire elephants
  5 white draconians
  A minotaur (Gauntlet)
  5 black draconians
  2 bunyips
  3 deep elf annihilators (Elf:3)
  A spark wasp (Depths:3)
  6 deep elf death magi (Elf:3)
  3 eidola (Crypt:1)
  3 red draconians
  7 ettins
  6 fire dragons
  2 yaktaur captains
  2 deep elf high priests
  8 great orbs of eyes
  2 jiangshi
  3 shambling mangroves
  A merfolk impaler (Depths:1)
  2 rakshasas
  5 vault guards
  An ice dragon (shapeshifter) (D:14)
  16 hydras
  A salamander tyrant (Snake:4)
  2 ghost crabs
  Erolcha (Orc:2)
  A bennu zombie (Crypt:1)
  2 ice dragons
  7 ironbound frosthearts
  A fenstrider witch zombie (Crypt:1)
  3 centaur warriors
  3 catoblepae
  4 spriggan air magi
  7 anacondas
  5 death yaks
  7 alligators
  3 deep troll shamans
  A deep troll earth mage (Depths:3)
  A hell hog (Gauntlet)
  8 two-headed ogres
  6 boulder beetles
  5 tengu warriors
  3 vampire magi
  Urug (D:12)
  10 dancing weapons
  17 naga warriors
  6 shock serpents
  2 spriggan berserkers (Depths:2)
  2 soul eaters
  Nergalle (D:12)
  2 orc high priests (Orc:2)
  14 naga sharpshooters
  A sun demon (D:11)
  10 deep elf knights
  4 skysharks
  A bunyip zombie (Crypt:1)
  6 skeletal warriors
  4 sixfirhies
  4 goliath frogs (Swamp:1)
  2 iron trolls
  2 salamander mystics
  A skyshark (shapeshifter) (Elf:1)
  A flayed ghost (Depths:1)
  18 deep trolls
  3 spriggan druids
  4 bog bodies
  7 naga ritualists
  12 deep elf archers
  A golden dragon skeleton (Crypt:1)
  13 swamp dragons
  3 ironbound convokers
  5 lindwurms
  5 wizards
  An orange crystal statue (IceCv)
  12 orc knights
  26 deep elf pyromancers
  20 deep elf zephyrmancers
  5 necromancers
  3 phantasmal warriors
  10 mana vipers
  5 orc sorcerers
  26 ugly things
  A tengu skeleton (Vaults:3)
  4 will-o-the-wisps
  A wolf spider (Lair:2)
  11 salamanders
  An iron dragon skeleton (Crypt:1)
  34 moths of wrath
  An oklob plant (Lair:4)
  A shining eye (Slime:5)
  A shadow dragon skeleton (Crypt:1)
  A manticore (D:13)
  11 elephants
  12 vault sentinels
  A guardian serpent (Snake:4)
  3 torpor snails
  35 black mambas
  9 naga magi
  An elf zombie (Vaults:3)
  An orange demon (D:8)
  A large abomination (Zot:3)
  2 gargoyles
  9 cane toads
  An unseen horror (D:11)
  4 freezing wraiths
  A yellow draconian zombie (Crypt:1)
  22 rime drakes
  9 komodo dragons
  6 yaktaurs
  A redback zombie (D:15)
  4 tengu conjurers
  A yaktaur skeleton (Vaults:3)
  9 trolls
  7 tyrant leeches
  A queen bee (D:13)
  12 polar bears
  2 hellwings (Depths:2)
  3 meliai (D:13)
  A harpy zombie (Crypt:1)
  A troll (shapeshifter) (D:13)
  Prince Ribbit (D:8)
  20 hornets
  A sphinx simulacrum (Vaults:3)
  13 blink frogs
  5 dream sheep
  A merfolk skeleton (Crypt:1)
  41 slime creatures
  A stone giant simulacrum (Crypt:1)
  13 water elementals
  An air elemental (Elf:3)
  4 flying skulls (Crypt:1)
  5 wraiths
  15 spriggans
  5 wyverns
  4 shadows
  4 fire elementals
  An unseen horror simulacrum (D:8)
  4 fire bats (Gauntlet)
  31 yaks
  2 hogs
  2 humans (Zot:1)
  8 redbacks (Elf:2)
  8 steam dragons
  7 vampire mosquitoes
  5 basilisks
  21 swamp worms
  A swamp worm (shapeshifter) (Vaults:3)
  38 nagas
  A harpy simulacrum (Crypt:1)
  2 wargs (Orc:2)
  2 acid dragons
  A hell hound (Gauntlet)
  A demonspawn skeleton (Crypt:1)
  A floating eye (Depths:2)
  13 swamp drakes
  19 water moccasins
  4 ice beasts
  35 orc warriors
  3 sky beasts (D:9)
  A meliai simulacrum (D:15)
  2 black bears
  3 boggarts (D:14)
  8 ogres
  8 centaurs
  23 wolves
  A swamp dragon skeleton (Crypt:1)
  2 phantoms
  3 kobold brigands
  11 bullfrogs
  A necrophage (Crypt:1)
  3 gnoll sergeants (D:10)
  2 earth elementals (Elf:2)
  4 scorpions
  2 wights (D:8)
  33 killer bees
  A vampire bat (Orc:1)
  A wolf zombie (Crypt:1)
  4 electric eels
  5 howler monkeys
  2 lava snakes (Lair:1)
  2 hounds
  3 jellies
  18 orc priests
  A centaur skeleton (Crypt:1)
  4 sleepcaps
  5 iguanas
  30 orc wizards
  A hell rat (Lair:4)
  A boggart skeleton (D:15)
  4 centaur simulacra
  8 gnolls
  6 adders
  A river rat (D:8)
  A steam dragon skeleton (Crypt:1)
  5 white imps (D:8)
  An ufetubus (D:8)
  A lava snake skeleton (Crypt:1)
  2 worms (D:1)
  2 dart slugs
  92 orcs
  9 endoplasms
  A giant cockroach (D:2)
  8 goblins
  10 hobgoblins
  5 quokkas
  6 ball pythons
  14 bats
  16 kobolds
  3 rats
  8 briar patches (D:14)
1627 creatures vanquished.

Vanquished Creatures (collateral kills)
  2 dread liches (Zot:5)
  An orb of fire (Zot:5)
  4 ancient liches (Zot:5)
  A Killer Klown (Zot:1)
  A curse toe (Zot:4)
  A caustic shrike (Depths:2)
  2 electric golems (Zot:5)
  A Tzitzimitl (Zot:1)
  6 tentacled monstrosities
  A lich (Depths:1)
  11 Orb Guardians (Zot:5)
  A quicksilver dragon (Zot:3)
  A titan (Depths:2)
  11 acid blobs
  3 storm dragons
  5 nagarajas (Snake:4)
  A rockslime (Slime:5)
  3 azure jellies (Slime:5)
  2 draconian monks (Zot:1)
  A fire giant (Depths:2)
  2 frost giants (Depths:2)
  2 shadow dragons
  2 vault wardens
  2 draconian knights
  A deep elf sorcerer (Elf:3)
  5 draconian scorchers
  A ghost moth (Zot:4)
  2 ghouls (Vaults:3)
  An orc warlord (Vaults:1)
  A balrug (Zot:1)
  Aizul (Snake:4)
  A draconian shifter (Zot:2)
  9 very ugly things
  A spriggan defender (Depths:2)
  12 ironbound preservers
  6 draconian annihilators
  4 quicksilver oozes (Slime:5)
  An ironbound thunderhulk (Vaults:1)
  3 stone giants
  A deep elf demonologist (Elf:3)
  6 green draconians
  An eleionoma (Swamp:3)
  5 black draconians
  2 vampire knights
  5 yellow draconians
  8 purple draconians
  5 red draconians
  5 deep elf annihilators (Elf:3)
  11 white draconians
  3 dire elephants
  A spark wasp (Depths:2)
  A green death (Depths:2)
  A merfolk javelineer (Depths:2)
  3 ettins
  2 deep elf death magi (Vaults:3)
  3 fire dragons
  2 deep elf high priests
  An entropy weaver (Vaults:3)
  A yaktaur captain (Vaults:1)
  A rakshasa (Depths:3)
  4 ice dragons
  3 great orbs of eyes
  3 salamander tyrants (Snake:4)
  An ice dragon (shapeshifter) (Depths:4)
  An ironbound frostheart (IceCv)
  4 vault guards
  3 spriggan air magi
  A boulder beetle (D:11)
  An anaconda (Snake:3)
  A death yak (D:8)
  3 deep troll shamans (Depths:2)
  4 naga warriors
  6 deep troll earth magi
  2 naga sharpshooters
  An orc high priest (Vaults:2)
  3 sun demons (Zot:1)
  A deep elf knight (Vaults:3)
  6 spriggan berserkers
  2 iron trolls
  A salamander mystic (Snake:2)
  A goliath frog (shapeshifter) (Depths:2)
  10 skeletal warriors
  2 flayed ghosts (Depths:2)
  A swamp dragon (Lair:5)
  2 spriggan druids
  A naga ritualist (Snake:1)
  41 deep trolls
  4 wizards
  4 bog bodies
  8 orc knights
  A deep elf archer (Vaults:3)
  6 ironbound convokers
  2 necromancers
  2 phantasmal warriors (Depths:3)
  5 deep elf pyromancers
  A mana viper (Snake:1)
  2 shining eyes (Slime:5)
  2 lindwurms
  2 salamanders
  6 moths of wrath
  11 ugly things
  A shadow dragon skeleton (Vaults:2)
  A naga mage (Snake:4)
  2 elephants (Zot:1)
  An ice statue (Swamp:3)
  6 vault sentinels
  A guardian serpent (Snake:4)
  2 torpor snails (Lair:4)
  A smoke demon (Depths:2)
  2 human zombies (Vaults:2)
  3 rust devils
  A hellion (Depths:3)
  A rime drake (IceCv)
  An ice devil (Depths:2)
  22 yaktaurs
  A troll (Vaults:2)
  A harpy skeleton (Crypt:1)
  4 hornets
  A blink frog (Lair:3)
  A dream sheep (Lair:3)
  A human simulacrum (Vaults:2)
  46 slime creatures
  A yak (Lair:4)
  3 spriggans
  A neqoxec (Depths:2)
  5 humans
  2 water elementals (Depths:2)
  A vampire mosquito (Lair:3)
  An acid dragon (Lair:5)
  3 nagas
  2 floating eyes
  A water moccasin (Lair:3)
  9 orc warriors
  A black bear (D:10)
  A hog zombie (Crypt:1)
  3 necrophages
  A scorpion (D:5)
  2 wights (D:8)
  An electric eel (Lair:3)
  6 orc priests
  An adder (D:5)
  A white imp (D:8)
  12 orcs
507 creatures vanquished.

Vanquished Creatures (others)
  An Orb Guardian (Zot:5)
  3 azure jellies (Slime:5)
  A rockslime (Slime:5)
  A storm dragon (Zot:2)
  A draconian knight (Zot:3)
  3 draconian scorchers
  A deep elf elementalist (Elf:3)
  A spriggan defender (Depths:2)
  A draconian annihilator (Zot:1)
  A ghoul (Crypt:1)
  4 very ugly things
  A deep elf demonologist (Elf:3)
  2 green draconians
  A deep elf annihilator (Elf:3)
  2 black draconians
  3 red draconians (Zot:1)
  3 yellow draconians
  A purple draconian (Zot:1)
  5 white draconians
  A merfolk impaler (Depths:1)
  2 vault guards (Vaults:1)
  A boulder beetle (Vaults:3)
  A deep troll shaman (Depths:2)
  A deep troll earth mage (Depths:2)
  An orc high priest (Orc:2)
  A vampire mage (Depths:2)
  A sixfirhy (Depths:2)
  4 deep trolls
  A necromancer (Crypt:1)
  An ironbound convoker (Vaults:1)
  A deep elf zephyrmancer (Elf:3)
  A salamander (Snake:4)
  2 ugly things
  A moth of wrath (Zot:2)
  2 yaktaurs
  A troll (Vaults:2)
  5 bloated husks
  A polar bear (IceCv)
  10 slime creatures
  A human (Zot:1)
  2 chaos spawn
  19 dancing weapons
  A naga (Snake:4)
  3 orc warriors (Vaults:2)
  3 centaurs
  3 necrophages (Crypt:1)
  An orc wizard (Orc:2)
  4 fire vortices (D:14)
  14 foxfires
  49 fulminant prisms
  7 fungi
  56 plants
238 creatures vanquished.

Grand Total: 2372 creatures vanquished

Notes
Turn   | Place    | Note
-------+----------+-------------------------------------------
     0 | D:1      | PaperRat the Demonspawn Enchanter began the quest for the
                  | Orb.
     0 | D:1      | Reached XP level 1. HP: 13/13 MP: 3/3
   107 | D:1      | Found a faded altar of an unknown god.
   262 | D:1      | Reached skill level 1 in Short Blades
   618 | D:1      | Gained mutation: You are surrounded by a mild repulsion
                  | field. (EV +2) [demonic ancestry]
   618 | D:1      | Reached XP level 2. HP: 18/20 MP: 5/5
   628 | D:1      | Learned a level 2 spell: Ensorcelled Hibernation
  1122 | D:2      | Reached skill level 1 in Fighting
  1287 | D:2      | Reached XP level 3. HP: 26/26 MP: 6/6
  1292 | D:2      | Learned a level 3 spell: Confusing Touch
  2680 | D:3      | Reached XP level 4. HP: 32/32 MP: 0/7
  2749 | D:3      | Found a sacrificial altar of Ru.
  2858 | D:3      | Found a shadowy altar of Dithmenos.
  2895 | D:3      | Became a worshipper of Ru the Awakened
  2927 | D:3      | Found Paajunwo's Distillery.
  2936 | D:3      | Bought a potion of heal wounds for 65 gold pieces
  2936 | D:3      | Bought a potion of might for 52 gold pieces
  2936 | D:3      | Bought a potion of curing for 39 gold pieces
  3274 | D:4      | Reached skill level 1 in Ice Magic
  3339 | D:4      | Noticed a scorpion
  3346 | D:4      | Killed a scorpion
  3347 | D:4      | Reached XP level 5. HP: 19/38 MP: 8/8
  4377 | D:4      | Learned a level 3 spell: Tukima's Dance
  4683 | D:5      | Entered Level 5 of the Dungeon
  4683 | D:5      | Noticed a shadow
  5740 | D:5      | Found a staircase to the Ecumenical Temple.
  5751 | Temple   | Entered the Ecumenical Temple
  5876 | D:5      | Gained mutation: A weak demonic guardian rushes to your
                  | aid. [demonic ancestry]
  5876 | D:5      | Reached XP level 6. HP: 44/44 MP: 6/9
  6257 | D:5      | Reached skill level 5 in Hexes
  6474 | Temple   | Fell from the grace of Ru
  6474 | Temple   | Became a worshipper of Sif Muna the Loreminder
  6533 | D:5      | Found a radiant altar of Vehumet.
  6579 | D:5      | Noticed an ice beast
  6613 | D:5      | Killed an ice beast
  6614 | D:5      | Reached XP level 7. HP: 35/51 MP: 3/10
  6617 | D:5      | Learned a level 2 spell: Passwall
  7455 | D:6      | Reached skill level 1 in Transmutations
  7455 | D:6      | Reached skill level 1 in Earth Magic
  7554 | D:6      | Found an ancient bone altar of Kikubaaqudgha.
  7926 | D:6      | Found Itypt's Weapon Shoppe.
  8011 | D:6      | Gained mutation: A demonic guardian rushes to your aid.
                  | [demonic ancestry]
  8011 | D:6      | Reached XP level 8. HP: 56/58 MP: 1/11
  8391 | D:6      | Learned a level 1 spell: Sandblast
  8642 | D:7      | Reached skill level 5 in Stealth
  8646 | D:7      | Reached skill level 1 in Shields
  8936 | D:3      | Bought a potion of lignification for 39 gold pieces
  8936 | D:3      | Bought a potion of curing for 39 gold pieces
  9243 | D:7      | Reached * piety under Sif Muna
 10041 | D:7      | Reached XP level 9. HP: 66/67 MP: 2/13
 10244 | D:7      | Identified the +4 scale mail of the Jabberwock {Int+3}
 10252 | D:7      | Reached skill level 5 in Fighting
 10311 | D:7      | Found a hazy altar of Hepliaklqana.
 10518 | D:8      | Identified the +3 pair of gloves "Luluzxys" {*Slow rElec
                  | Dex+3}
 10621 | D:8      | Reached skill level 1 in Evocations
 10936 | D:8      | Reached ** piety under Sif Muna
 11005 | D:8      | Noticed Maggie
 11006 | D:8      | Maggie changed into Maggie the hog
 11006 | D:8      | Noticed Maggie
 11022 | D:8      | Killed Maggie the hog
 11695 | D:8      | Found a blossoming altar of Fedhas.
 11913 | D:8      | Noticed Prince Ribbit
 11929 | D:8      | Killed Prince Ribbit
 11982 | D:8      | Noticed a death yak
 12019 | D:8      | Killed a death yak
 12020 | D:8      | Gained mutation: Spells you cast may paralyse adjacent
                  | enemies. [demonic ancestry]
 12020 | D:8      | Reached XP level 10. HP: 41/76 MP: 14/14
 12827 | D:8      | Noticed Maurice
 12828 | D:8      | Maurice changed into Maurice the river rat
 12828 | D:8      | Noticed Maurice
 12846 | D:8      | Killed Maurice the river rat
 12999 | D:9      | Learned a level 3 spell: Call Canine Familiar
 13365 | D:9      | Reached *** piety under Sif Muna
 13514 | D:9      | Found a stormy altar of Qazlal.
 13638 | D:9      | Noticed a two-headed ogre
 13727 | D:9      | Killed a two-headed ogre
 13728 | D:9      | Reached skill level 5 in Short Blades
 14220 | D:9      | Found an ornate altar of the Wu Jian Council.
 14425 | D:9      | Reached skill level 1 in Summonings
 14664 | D:3      | Bought a potion of magic for 104 gold pieces
 14664 | D:3      | Bought a potion of flight for 39 gold pieces
 14929 | D:10     | Entered Level 10 of the Dungeon
 14932 | D:10     | Reached XP level 11. HP: 82/82 MP: 16/16
 15390 | D:10     | Found a staircase to the Orcish Mines.
 15418 | D:10     | Reached **** piety under Sif Muna
 15471 | D:10     | Reached skill level 1 in Invocations
 15729 | D:10     | Found a staircase to the Lair.
 15743 | D:10     | Found a shimmering altar of Xom.
 15771 | D:10     | Noticed a two-headed ogre
 15783 | D:10     | Killed a two-headed ogre
 15784 | D:10     | Reached skill level 2 in Invocations
 16155 | D:10     | Found Gehebik's Assorted Antiques.
 16158 | D:10     | Bought a green potion for 24 gold pieces
 16158 | D:10     | Bought a jewelled glass wand for 108 gold pieces
 16158 | D:10     | Bought a scroll of identify for 54 gold pieces
 16304 | Lair:1   | Entered Level 1 of the Lair of Beasts
 16600 | Lair:1   | Reached skill level 3 in Invocations
 17461 | D:10     | Bought a glowing scarf for 216 gold pieces
 17697 | Lair:2   | Reached skill level 4 in Invocations
 17965 | Lair:2   | Noticed a wolf spider
 17977 | Lair:2   | Killed a wolf spider
 17996 | Lair:2   | Reached ***** piety under Sif Muna
 18020 | Lair:2   | Received a gift from Sif Muna
 18027 | Lair:2   | Reached skill level 5 in Summonings
 18027 | Lair:2   | Reached skill level 5 in Invocations
 18052 | Lair:2   | Got Sif Muna's Almanac of Destructive Graupel {god gift}
 18103 | Lair:2   | Gained mutation: Spells you cast may paralyse nearby
                  | enemies. [demonic ancestry]
 18103 | Lair:2   | Reached XP level 12. HP: 92/92 MP: 18/18
 18673 | Lair:2   | Learned a level 3 spell: Dazzling Flash
 18782 | Lair:3   | Reached skill level 6 in Invocations
 18831 | Lair:3   | Reached skill level 1 in Conjurations
 19136 | Lair:3   | Found a staircase to the Snake Pit.
 19637 | Lair:3   | Found a staircase to the Swamp.
 20311 | Lair:4   | Reached skill level 7 in Invocations
 20388 | Lair:4   | Found a viscous altar of Jiyva.
 20389 | Lair:4   | Found a staircase to the Slime Pits.
 20583 | Lair:4   | Noticed a five-headed hydra
 20593 | Lair:4   | Killed a five-headed hydra
 20594 | Lair:4   | Reached skill level 5 in Evocations
 20721 | Lair:4   | Gained mutation: You have large cloven feet. [demonic
                  | ancestry]
 20721 | Lair:4   | Reached XP level 13. HP: 80/99 MP: 3/20
 20897 | Lair:4   | Reached skill level 5 in Dodging
 20978 | Lair:4   | Reached skill level 5 in Spellcasting
 21001 | Lair:4   | Reached skill level 5 in Shields
 21313 | Lair:4   | Reached skill level 8 in Invocations
 21936 | Lair:4   | Learned a level 5 spell: Yara's Violent Unravelling
 21938 | Lair:5   | Entered Level 5 of the Lair of Beasts
 22106 | Lair:5   | Received a gift from Sif Muna
 22107 | Lair:5   | Got Sif Muna's Elucidation of Incineration {god gift}
 22159 | Lair:5   | Found a runed translucent door.
 22159 | Lair:5   | Noticed xight's ghost (journeyman DEFE)
 22225 | Lair:5   | Killed xight's ghost
 22399 | Lair:5   | Identified the +7 dagger of Spontaneous Combustion {venom,
                  | MP+9 Int+3}
 22742 | Lair:5   | Reached skill level 10 in Stealth
 22749 | Lair:5   | Reached skill level 10 in Fighting
 23063 | Lair:5   | Reached skill level 10 in Short Blades
 23063 | Lair:5   | Gained mutation: You have hoof-like feet. [demonic
                  | ancestry]
 23063 | Lair:5   | Reached XP level 14. HP: 81/110 MP: 23/23
 23899 | Orc:1    | Entered Level 1 of the Orcish Mines
 24069 | Orc:2    | Entered Level 2 of the Orcish Mines
 24090 | Orc:2    | Reached skill level 1 in Armour
 24110 | Orc:2    | Noticed Saint Roka
 24114 | Orc:2    | Found a gate leading to a gauntlet.
 24143 | Orc:2    | Killed Saint Roka
 24152 | Gauntlet | Entered a Gauntlet
 24152 | Gauntlet | Found a transporter.
 24152 | Gauntlet | Found a transporter.
 24152 | Gauntlet | Found a transporter.
 24152 | Gauntlet | Found a transporter.
 24156 | Gauntlet | Found a transporter.
 24157 | Gauntlet | Found a transporter.
 24170 | Gauntlet | Found a transporter.
 24174 | Gauntlet | Found a transporter.
 24186 | Gauntlet | Found a transporter.
 24186 | Gauntlet | Found a transporter.
 24199 | Gauntlet | Found a transporter.
 24204 | Gauntlet | Found a transporter.
 24353 | Gauntlet | Noticed a sphinx
 24357 | Gauntlet | a sphinx changed into an alligator snapping turtle
 24360 | Gauntlet | an iron troll changed into a quicksilver dragon
 24360 | Gauntlet | Noticed a quicksilver dragon (glowing shapeshifter)
 24361 | Gauntlet | a quicksilver dragon changed into an iron giant
 24361 | Gauntlet | Noticed an iron giant (glowing shapeshifter)
 24362 | Gauntlet | an iron giant changed into a shadow dragon
 24362 | Gauntlet | Noticed a shadow dragon (glowing shapeshifter)
 24372 | Gauntlet | a shadow dragon changed into an iron troll
 24376 | Gauntlet | an iron troll changed into a shadow dragon
 24376 | Gauntlet | Noticed a shadow dragon (glowing shapeshifter)
 24377 | Gauntlet | a shadow dragon changed into an eleionoma
 24378 | Gauntlet | an eleionoma changed into a stone giant
 24378 | Gauntlet | Noticed a stone giant (glowing shapeshifter)
 24379 | Gauntlet | a stone giant changed into an azure jelly
 24379 | Gauntlet | Noticed an azure jelly (glowing shapeshifter)
 24891 | Gauntlet | Identified the amulet of Ankiat {Fragile rC++ Regen+ Str+3
                  | Dex+3}
 25079 | Gauntlet | Identified the staff of poison "Jumabb" {Drain rPois rC+++
                  | Int-2 Dex+3}
 25180 | Orc:2    | Found a staircase to the Elven Halls.
 25283 | Orc:1    | Received a gift from Sif Muna
 25297 | Orc:1    | Got Sif Muna's Folio of Amassed Bad Luck {god gift}
 25923 | Orc:2    | Noticed Erolcha
 25937 | Orc:2    | Killed Erolcha
 26580 | Orc:2    | Received a gift from Sif Muna
 26582 | Orc:2    | Reached skill level 9 in Invocations
 26589 | Orc:2    | Reached skill level 5 in Transmutations
 26593 | Orc:2    | Found Taam's Antique Weapon Boutique.
 26593 | Orc:2    | Found Paron's Distillery.
 26599 | Orc:2    | Found Ymiuggodgh's Armour Boutique.
 26599 | Orc:2    | Found Hazotiodd's Magic Scroll Emporium.
 26616 | Orc:2    | Learned a level 4 spell: Fulminant Prism
 26633 | Orc:2    | Bought a potion of brilliance for 56 gold pieces
 26633 | Orc:2    | Bought a potion of resistance for 140 gold pieces
 26633 | Orc:2    | Bought a potion of cancellation for 112 gold pieces
 26667 | Orc:2    | Bought a scroll of identify for 24 gold pieces
 26667 | Orc:2    | Bought a scroll of poison for 48 gold pieces
 26667 | Orc:2    | Bought a scroll of identify for 24 gold pieces
 26667 | Orc:2    | Bought a scroll of immolation for 48 gold pieces
 26670 | Orc:2    | Bought a scroll of identify for 24 gold pieces
 26794 | Orc:2    | Bought a +2 robe of willpower for 230 gold pieces
 27069 | Lair:5   | Identified the +2 long sword of the Philosopher {venom,
                  | rF++ rC+ MP+9 Dex-4}
 27334 | Orc:2    | Bought a glowing rapier for 245 gold pieces
 28316 | D:12     | Noticed Urug
 28325 | D:12     | Killed Urug
 28420 | D:12     | Noticed Nergalle
 28444 | D:12     | Killed Nergalle
 28445 | D:12     | Gained mutation: You are surrounded by a moderate repulsion
                  | field. (EV +3) [demonic ancestry]
 28445 | D:12     | Reached XP level 15. HP: 117/117 MP: 25/25
 28524 | D:12     | Found Iloasiq's General Store.
 28580 | D:12     | Noticed Gastronok
 28617 | D:12     | Killed Gastronok
 28735 | D:12     | Noticed Kirke
 28753 | D:12     | Killed Kirke
 29045 | D:13     | Received a gift from Sif Muna
 29049 | D:13     | Got Sif Muna's Tractate on the Entrancing Bane {god gift}
 30107 | D:14     | Found a transporter.
 30351 | D:14     | Found a transporter.
 30468 | D:14     | Reached skill level 10 in Invocations
 30961 | D:14     | Noticed Louise
 31035 | D:14     | Killed Louise
 31147 | D:14     | Noticed Frances
 31153 | D:14     | Killed Frances
 31848 | D:14     | Found a gate to the Vaults.
 32204 | D:14     | Identified the ring "Piytalut" {rF+ rCorr Dex+6}
 32207 | D:14     | Identified the +0 hat "Xiam Peg" {rPois Int+3}
 32238 | D:15     | Entered Level 15 of the Dungeon
 32903 | D:15     | Found a staircase to the Depths.
 32904 | D:15     | Received a gift from Sif Muna
 33519 | Orc:2    | Bought a potion of haste for 140 gold pieces
 33519 | Orc:2    | Bought a potion of haste for 140 gold pieces
 33645 | D:12     | Bought a wand of flame (8) for 78 gold pieces
 33758 | Swamp:1  | Entered Level 1 of the Swamp
 34024 | Swamp:1  | Gained mutation: Spells you cast and wands you use may
                  | paralyse nearby enemies. [demonic ancestry]
 34024 | Swamp:1  | Reached XP level 16. HP: 126/126 MP: 25/28
 34206 | Swamp:1  | Learned a level 5 spell: Summon Mana Viper
 34280 | Swamp:1  | Reached skill level 11 in Invocations
 34661 | Swamp:1  | Reached skill level 10 in Hexes
 35666 | Swamp:2  | Found an ornate altar of the Wu Jian Council.
 36301 | Swamp:3  | Found a frozen archway.
 36326 | IceCv    | Entered an ice cave
 36343 | IceCv    | Received a gift from Sif Muna
 36351 | IceCv    | Got Jofyikk's Opusculum on Arctic Enchantment {god gift}
 36508 | IceCv    | Reached skill level 12 in Invocations
 37018 | IceCv    | Noticed a shard shrike
 37021 | IceCv    | Killed a shard shrike
 37453 | Swamp:3  | Gained mutation: You have hooves in place of feet. [demonic
                  | ancestry]
 37453 | Swamp:3  | Reached XP level 17. HP: 129/133 MP: 25/29
 37931 | Swamp:4  | Entered Level 4 of the Swamp
 38054 | Swamp:4  | Found an opulent altar of Gozag.
 38957 | Swamp:4  | Got a decaying rune of Zot
 39702 | Snake:1  | Entered Level 1 of the Snake Pit
 39806 | Snake:1  | Received a gift from Sif Muna
 40222 | Snake:1  | Found Ninetaw's Jewellery Emporium.
 40583 | Snake:1  | Reached skill level 10 in Spellcasting
 40757 | Snake:2  | Found a snail-covered altar of Cheibriados.
 41276 | Snake:2  | Received a gift from Sif Muna
 41277 | Snake:2  | Got Sif Muna's Thoughts on Unlucky Corpses {god gift}
 41740 | Snake:2  | Found Rebremue's General Store.
 41742 | Snake:2  | Found Ufath's Book Emporium.
 41745 | Snake:2  | Found Kulaen's Jewellery Shoppe.
 41752 | Snake:2  | Bought a ring of willpower for 375 gold pieces
 41756 | Snake:2  | Bought a phial of floods for 680 gold pieces
 41899 | Snake:2  | Learned a level 7 spell: Enfeeble
 41929 | Snake:3  | Found a shimmering altar of Xom.
 42159 | Snake:3  | Reached XP level 18. HP: 143/143 MP: 23/32
 42821 | Snake:4  | Entered Level 4 of the Snake Pit
 43535 | Snake:4  | Noticed Mara
 43554 | Snake:4  | Killed Mara
 43572 | Snake:4  | Noticed Aizul
 43588 | Snake:4  | Killed Aizul
 43673 | Snake:4  | Found an iron altar of Okawaru.
 44399 | Snake:4  | Received a gift from Sif Muna
 44878 | Snake:4  | Got a serpentine rune of Zot
 45045 | Snake:4  | Reached skill level 15 in Hexes
 45691 | Elf:1    | Entered Level 1 of the Elven Halls
 45943 | Elf:1    | Found Hobygef's Book Shop.
 45947 | Elf:1    | Found Memoicla's Distillery.
 45947 | Elf:1    | Found Emnarrau's Antique Weapon Shop.
 45947 | Elf:1    | Found Wiroih's Armour Shop.
 46061 | Elf:1    | Learned a level 5 spell: Irradiate
 46387 | Elf:1    | Received a gift from Sif Muna
 46631 | Elf:1    | Reached XP level 19. HP: 152/152 MP: 35/35
 46992 | Elf:1    | Bought a potion of invisibility for 120 gold pieces
 46992 | Elf:1    | Bought a potion of invisibility for 120 gold pieces
 47061 | Elf:2    | Reached skill level 5 in Conjurations
 47516 | Elf:2    | Found a runed translucent gate.
 47516 | Elf:2    | Found a runed translucent gate.
 47516 | Elf:2    | Found a runed translucent gate.
 48034 | Elf:2    | Learned a level 8 spell: Discord
 48040 | Elf:3    | Entered Level 3 of the Elven Halls
 48111 | Elf:3    | Received a gift from Sif Muna
 48968 | Elf:3    | Reached ****** piety under Sif Muna
 49297 | Elf:3    | Noticed a Tzitzimitl
 49660 | Elf:3    | Received a gift from Sif Muna
 49661 | Elf:3    | Got Sif Muna's Teachings on Cloudy Last Rites {god gift}
 50194 | Elf:3    | Got Ufiasupp's Papyrus of Ghoulish Topology
 50197 | Elf:3    | Identified the staff of fire "Roatuphi" {*Slow rF+ rN+++
                  | Will+}
 50219 | Elf:3    | Identified the staff of air "Bahosoh" {rElec rPois Str+3
                  | Dex+4}
 50629 | Snake:1  | Bought an amulet of magic regeneration for 390 gold pieces
 50837 | Vaults:1 | Entered Level 1 of the Vaults
 51437 | Vaults:1 | Gained mutation: Your hexes are more powerful. [demonic
                  | ancestry]
 51437 | Vaults:1 | Reached XP level 20. HP: 159/159 MP: 26/36
 51595 | Vaults:1 | You fall into a shaft and drop 1 floor!
 52446 | Vaults:2 | Received a gift from Sif Muna
 52452 | Vaults:2 | Got Sif Muna's Monograph on the Fair Folk and Formation
                  | {god gift}
 54127 | Vaults:3 | Found Nofevad's Distillery.
 54147 | Vaults:3 | Bought a potion of heal wounds for 80 gold pieces
 54265 | Vaults:3 | Received a gift from Sif Muna
 54266 | Vaults:3 | Got Sif Muna's Anthology of Harmful Translocation {god
                  | gift}
 54643 | Vaults:3 | Found a staircase to the Crypt.
 54643 | Vaults:3 | Found a basalt altar of Yredelemnul.
 54644 | Vaults:3 | Found an ancient bone altar of Kikubaaqudgha.
 54649 | Vaults:3 | Reached skill level 13 in Invocations
 55268 | Vaults:4 | Reached XP level 21. HP: 166/166 MP: 36/38
 55322 | Vaults:4 | Found a flickering gateway to a bazaar.
 55335 | Bazaar   | Entered a bazaar
 55340 | Bazaar   | Found Ikhashi's Antique Armour Emporium.
 55345 | Bazaar   | Found Goomnon's Antique Armour Emporium.
 55350 | Bazaar   | Found Syetsoh's Antique Weapon Shop.
 55360 | Bazaar   | Found Riuvad's Weapon Shop.
 55367 | Bazaar   | Bought 4 curare-tipped darts for 52 gold pieces
 55391 | Bazaar   | Found Zexono Sampi's General Store.
 55399 | Bazaar   | Bought 2 potions of brilliance for 56 gold pieces
 55399 | Bazaar   | Bought a scroll of immolation for 28 gold pieces
 55399 | Bazaar   | Bought a scroll of enchant armour for 52 gold pieces
 55399 | Bazaar   | Bought a scroll of fear for 28 gold pieces
 55424 | Bazaar   | Bought a pair of embroidered gloves for 180 gold pieces
 55893 | Vaults:4 | Received a gift from Sif Muna
 55894 | Vaults:4 | Got Sif Muna's Book of Frostbound Evil {god gift}
 56506 | Vaults:4 | Learned a level 3 spell: Ignite Poison
 56809 | Slime:1  | Entered Level 1 of the Pits of Slime
 56824 | Slime:1  | Found a viscous altar of Jiyva.
 56891 | Slime:1  | Received a gift from Sif Muna
 56892 | Slime:1  | Got Ewneus's Parchment of the Figure and the Adder {god
                  | gift}
 57499 | Slime:5  | Entered Level 5 of the Pits of Slime
 57654 | Slime:5  | Reached skill level 15 in Fighting
 57780 | Slime:5  | Noticed the Royal Jelly
 57800 | Slime:5  | Killed the Royal Jelly
 57801 | Slime:5  | Reached skill level 14 in Invocations
 58069 | Slime:4  | Reached skill level 10 in Evocations
 58677 | Slime:5  | Identified the +0 crystal plate armour of the Tundras
                  | {rPois}
 58684 | Slime:5  | Identified the +6 chain mail of Xom's Anger {-Cast rPois
                  | rC+ Will++}
 58708 | Slime:5  | Identified the +6 scimitar of Defiance {elec, rPois Will+
                  | Int+2}
 58718 | Slime:5  | Got a slimy rune of Zot
 58756 | Slime:5  | Identified the +0 plate armour of the Land of Plenty {Int+5
                  | Slay-4}
 60027 | Depths:1 | Entered Level 1 of the Depths
 60027 | Depths:1 | You fall into a shaft and drop 1 floor!
 60066 | Depths:2 | Found a gateway to Hell.
 60087 | Depths:2 | Identified the +0 leather armour "Culil" {Rampage Stlth+}
 60132 | Depths:2 | Found a magical portal.
 60145 | WizLab   | Entered Tukima's Studio
 60557 | Depths:1 | Gained mutation: A powerful demonic guardian rushes to your
                  | aid. [demonic ancestry]
 60557 | Depths:1 | Reached XP level 22. HP: 168/169 MP: 33/40
 60853 | Depths:1 | Reached skill level 10 in Dodging
 60939 | Depths:1 | Found a one-way gate to the infinite horrors of the Abyss.
 61679 | Depths:2 | Received a gift from Sif Muna
 61680 | Depths:2 | Got Utiockuf's Lessons on the Galvanic Jaunt {god gift}
 61784 | Depths:2 | Found a one-way gate leading to the halls of Pandemonium.
 62274 | Depths:2 | Killed a caustic shrike
 62670 | Depths:2 | Reached skill level 15 in Invocations
 63266 | Depths:3 | Received a gift from Sif Muna
 63295 | Depths:3 | Found a one-way gateway to a ziggurat.
 63545 | Depths:3 | Gained mutation: You are clumsy. (Dex -2) [you]
 64094 | Depths:4 | Entered Level 4 of the Depths
 64094 | Depths:4 | Noticed a juggernaut
 64106 | Depths:4 | Killed a juggernaut
 64151 | Depths:4 | Noticed a golden dragon
 64165 | Depths:4 | Killed a golden dragon
 64265 | Depths:4 | Noticed a golden dragon
 64295 | Depths:4 | Killed a golden dragon
 64617 | Depths:4 | Found a gate to the Realm of Zot.
 64957 | Depths:4 | Reached XP level 23. HP: 108/184 MP: 2/41
 65573 | Vaults:3 | Bought a potion of resistance for 160 gold pieces
 65573 | Vaults:3 | Bought 2 potions of invisibility for 256 gold pieces
 65573 | Vaults:3 | Bought a potion of might for 64 gold pieces
 65573 | Vaults:3 | Bought a potion of curing for 48 gold pieces
 65573 | Vaults:3 | Bought a potion of curing for 48 gold pieces
 65841 | Orc:2    | Bought 2 potions of mutation for 224 gold pieces
 65841 | Orc:2    | Bought a potion of magic for 112 gold pieces
 65841 | Orc:2    | Bought a potion of curing for 42 gold pieces
 65901 | Elf:1    | Bought a potion of haste for 150 gold pieces
 65901 | Elf:1    | Bought a potion of cancellation for 120 gold pieces
 66197 | Zot:1    | Entered Level 1 of the Realm of Zot
 66337 | Zot:1    | Received a gift from Sif Muna
 66338 | Zot:1    | Got Jioffot's Volume of the Sepulchral Serac {god gift}
 66888 | Zot:1    | Reached skill level 16 in Invocations
 67001 | Zot:1    | Noticed a Killer Klown
 67004 | Zot:1    | Noticed a Killer Klown
 67016 | Zot:1    | Killed a Killer Klown
 67023 | Zot:1    | Killed a Killer Klown
 67160 | Zot:1    | Reached skill level 15 in Spellcasting
 67449 | Zot:1    | Found the +4 dragonskin cloak
 67449 | Zot:1    | Noticed Tiamat
 67453 | Zot:1    | Killed Tiamat
 67600 | Zot:1    | You fall into a shaft and drop 1 floor!
 67653 | Zot:2    | Noticed an orb of fire
 67685 | Zot:2    | Killed an orb of fire
 68006 | Zot:2    | Reached skill level 10 in Shields
 68480 | Zot:2    | Received a gift from Sif Muna
 68481 | Zot:2    | Got Hygeximi's Spellbook of Decaying Reconstruction {god
                  | gift}
 68487 | Zot:2    | Noticed a curse toe
 68553 | Zot:2    | Killed a curse toe
 68588 | Zot:2    | Noticed a curse toe
 68648 | Zot:2    | Killed a curse toe
 68943 | Zot:2    | Noticed a curse toe
 69108 | Zot:2    | Killed a curse toe
 70052 | Zot:1    | Noticed a Killer Klown
 70085 | Zot:1    | Killed a Killer Klown
 70086 | Zot:1    | Gained mutation: You are surrounded by a strong repulsion
                  | field. (EV +4, RMsl) [demonic ancestry]
 70086 | Zot:1    | Reached XP level 24. HP: 167/195 MP: 17/42
 70159 | Zot:1    | Noticed a Killer Klown
 70176 | Zot:1    | Killed a Killer Klown
 72460 | Zot:4    | Noticed a Killer Klown
 72472 | Zot:4    | Killed a Killer Klown
 72475 | Zot:4    | Received a gift from Sif Muna
 72476 | Zot:4    | Got Cogu's Lessons on the Retinue {god gift}
 73050 | Zot:4    | Found a runed translucent gate.
 73050 | Zot:4    | Found a runed translucent gate.
 73050 | Zot:4    | Found a runed translucent gate.
 73098 | Zot:4    | Identified a scroll of acquirement
 73107 | Zot:4    | Acquired 666 gold pieces
 73606 | Zot:4    | Noticed Saleveob's ghost (legendary GrNe)
 73729 | Zot:5    | Entered Level 5 of the Realm of Zot
 74752 | Zot:5    | Noticed a dread lich
 74774 | Zot:5    | Noticed a Killer Klown
 74793 | Zot:5    | Killed a Killer Klown
 74794 | Zot:5    | Killed a dread lich
 74847 | Zot:5    | Noticed an orb of fire
 74851 | Zot:5    | Gained mutation: You sometimes lose your temper in combat.
                  | [an orb of fire]
 74866 | Zot:5    | Killed an orb of fire
 74875 | Zot:5    | Lost mutation: You are clumsy. (Dex -2) [potion of
                  | mutation]
 74875 | Zot:5    | Lost mutation: You sometimes lose your temper in combat.
                  | [potion of mutation]
 74875 | Zot:5    | Gained mutation: Your muscles are strong. (Str +4, Int/Dex
                  | -1) [potion of mutation]
 74920 | Zot:5    | Noticed an ancient lich
 74920 | Zot:5    | Noticed a dread lich
 74944 | Zot:5    | Killed an ancient lich
 74948 | Zot:5    | Noticed an orb of fire
 74980 | Zot:5    | Killed an orb of fire
 74999 | Zot:5    | Killed a dread lich
 75042 | Zot:5    | Noticed a dread lich
 75060 | Zot:5    | Killed a dread lich
 75063 | Zot:5    | Noticed an ancient lich
 75085 | Zot:5    | Killed an ancient lich
 75194 | Zot:5    | Noticed an ancient lich
 75207 | Zot:5    | Killed an ancient lich
 75208 | Zot:5    | Reached XP level 25. HP: 204/204 MP: 42/42
 75474 | Zot:5    | Noticed an ancient lich
 75494 | Zot:5    | Killed an ancient lich
 75495 | Zot:5    | Reached skill level 17 in Invocations
 75694 | Zot:5    | Reached skill level 18 in Invocations
 75826 | Zot:5    | Noticed an ancient lich
 75827 | Zot:5    | Noticed a Killer Klown
 75837 | Zot:5    | Killed an ancient lich
 75843 | Zot:5    | Noticed an ancient lich
 75847 | Zot:5    | Killed a Killer Klown
 75858 | Zot:5    | Killed an ancient lich
 75859 | Zot:5    | Reached skill level 19 in Invocations
 75859 | Zot:5    | Noticed a dread lich
 75863 | Zot:5    | Noticed an ancient lich
 75863 | Zot:5    | Noticed an ancient lich
 75867 | Zot:5    | Killed a dread lich
 75869 | Zot:5    | Noticed a dread lich
 75873 | Zot:5    | Killed an ancient lich
 75877 | Zot:5    | Killed an ancient lich
 75878 | Zot:5    | Reached skill level 20 in Invocations
 75880 | Zot:5    | Killed a dread lich
 75882 | Zot:5    | Noticed an orb of fire
 75900 | Zot:5    | Killed an orb of fire
 76659 | Crypt:1  | Entered Level 1 of the Crypt
 76673 | Vaults:3 | Reached skill level 21 in Invocations
 77252 | Crypt:1  | Reached skill level 22 in Invocations
 77427 | Crypt:1  | Found a basalt altar of Yredelemnul.
 77492 | Crypt:1  | Received a gift from Sif Muna
 77493 | Crypt:1  | Got Sif Muna's Cyclopedia of the Coals and Guile {god gift}
 78594 | Zot:5    | Got the Orb of Zot
 78824 | Depths:1 | Reached skill level 23 in Invocations
 78826 | Depths:1 | Noticed Mufi the pandemonium lord
 79222 | D:$      | Escaped with the Orb!

Illustrated notes

Levels and vault maps discovered:
D:1:      shiori_arrival_oz, layout_loops_cross, ebering_ecumenical_altar_mist
D:2:      layout_basic
D:3:      cheibrodos_old_hovel, layout_rooms, jmf_multi_god_temple,
          serial_shops, shop_statue
D:4:      layout_basic
D:5:      layout_loops_ring, mainiacjoe_overflow_six_doors_small, temple_green
D:6:      layout_basic, nicolae_kikubaaqudgha_miasma_corner, serial_shops,
          kennysheep_little_box
D:7:      corexii_shack_village, layout_loops_ring,
          worldfamousw_hep_ancestral_shrine, moated_statue
D:8:      layout_loops_corners, lemuel_doored_altar, serial_ice, serial_ice_h,
          serial_ice_d, serial_ice_o, serial_ice_f, uniq_maurice, uniq_maggie,
          uniq_prince_ribbit1
D:9:      layout_stronghold, nicolae_qazlal_general_emergency,
          nicolae_wu_jian_glorious_leap, hangedman_misty_isle
D:10:     layout_long_grid, mainiacjoe_overflow_paths, minmay_lair_entry_grove,
          kennysheep_orc_monster_closet_entryway, serial_shops,
          kennysheep_mini_moat
D:11:     layout_basic
D:12:     layout_rooms, serial_shops, shop, uniq_kirke, uniq_urug,
          uniq_gastronok, uniq_nergalle
D:13:     layout_roguey, special_room [special_room_bee]
D:14:     gammafunk_worm_tunnel, layout_basic, grunt_vaults_entry_fortified,
          kennysheep_nondescript, uniq_frances, uniq_louise
D:15:     grunt_enter_depths_magical_seal, layout_loops_corners,
          grunt_decor_arrowhead
Temple:   nicolae_temple_bog_church
Lair:1:   layout_cave_pods, nicolae_lair_liquid_snakes
Lair:2:   layout_regular_city, nicolae_lair_run_with_the_wolves
Lair:3:   layout_loops_ring, minmay_swamp_entry_swarm,
          minmay_snake_entry_six_corridors, grunt_forest_stairs_basic
Lair:4:   nzn_winding_woodlands_large [nzn_winding_woodlands_5x5_cross,
          nzn_winding_woodlands_5x15_jagged,
          nzn_winding_woodlands_5x5_closed_star,
          nzn_winding_woodlands_center_pierced_h,
          nzn_winding_woodlands_15x15_killbox,
          nzn_winding_woodlands_center_garden,
          nzn_winding_woodlands_5x5_checkerboard,
          nzn_winding_woodlands_5x15_cabin,
          nzn_winding_woodlands_5x5_perimeter], layout_hall_layers,
          slime_entry_1, infiniplex_staircase_pool_2
Lair:5:   guppyfry_lair_end_dragon, layout_gridlike, gammafunk_ghost_grave
Swamp:1:  layout_basic_swamp, serial_swamp_ruin, evilmike_swamp_ruin_house_3,
          evilmike_swamp_ruin_house_2, evilmike_swamp_ruin_house_1,
          nicolae_swamp_super_fun_site
Swamp:2:  layout_basic_swamp, basic_altar, swamp_pool1
Swamp:3:  layout_falls_marsh, portal_ice_cave_entry_ice_statue_one,
          evilmike_swamp_ruin_house_4, swamp_pool4, infiniplex_staircase_pool
Swamp:4:  swamp, layout_basic_swamp, swamp_pool1, lemuel_altar_in_water,
          nicolae_swamp_treefoil
Snake:1:  layout_misc_corridors, serial_shops, nicolae_shop_hallway_plus,
          grunt_ministairs_13
Snake:2:  layout_onion, basic_altar, minmay_shop_star, grunt_megastairs_4
Snake:3:  layout_misc_corridors, basic_altar
Snake:4:  grunt_snake_rune_spirals, layout_onion, basic_altar, uniq_mara,
          uniq_aizul
Slime:1:  cheibrodos_slime_lost_civilization_2, layout_caves, basic_altar
Slime:2:  layout_caves
Slime:3:  layout_caves
Slime:4:  layout_caves, basic_altar
Slime:5
Orc:1:    layout_caves, roderic_batcave
Orc:2:    grunt_orc_tribal_feast, layout_diamond_mine, basic_altar,
          gauntlet_entry_generic, uniq_saint_roka, uniq_erolcha
Elf:1:    elf_arrival_002, layout_loops_corners, minmay_elf_sorcery,
          minmay_shop_grid_forest
Elf:2:    elven_hall_of_blades_hangedman_original
          [nicolae_blade_entry_hurt_lockers], layout_onion_city, drop_trap,
          amethyst_killhole, roderic_roman_lattice
Elf:3:    elf_hall, layout_geoelf_octagon
Vaults:1: v_alt_pattern_1, nicolae_vaults_mini_display_case,
          vaults_room_corners, dpeg_vaults_monster_box,
          vaults_dpeg_encased_lava, v_misc_24, v_rooms_5,
          nicolae_vaults_network_quinsquares
          [nicolae_vaults_network_quincunx_subvault,
          nicolae_vaults_network_quincunx_subvault,
          nicolae_vaults_network_quincunx_subvault,
          nicolae_vaults_network_quincunx_subvault], vaults_room_grid,
          vaults_room_pool, v_alt_pattern_4, v_pattern_5,
          ontoclasm_vaults_idyll, nicolae_vaults_circle_grid_a,
          layout_vaults_maze_bifur
Vaults:2: vaults_dpeg_spiral, vaults_dpeg_ring, nicolae_vaults_theta,
          grunt_vaults_funnel, special_room_vaults [special_room_orc],
          nicolae_vaults_rhombus_5, nicolae_vaults_alarming, vaults_room_fours,
          nicolae_vaults_sealed_display, layout_vaults_omnigrid
Vaults:3: hangedman_vaults_locks, v_misc_25, vaults_room_pool,
          vaults_room_pools, grunt_vaults_twisty, v_misc_3,
          vaults_room_mumra_shop_pool, ontoclasm_vaults_spin,
          minmay_crypt_entry_necro_gods, nicolae_vaults_angled_halls,
          v_alt_pattern_4, vaults_room_grunt_arrival_checkpoint,
          hangedman_vaults_stagger, layout_vaults_omnibox
Vaults:4: v_misc_28, v_misc_33, vaults_room_hallway,
          ontoclasm_vaults_ring_large, hangedman_vaults_maws,
          ontoclasm_vaults_chip, vaults_standard_mumra_enter_the_diamond,
          v_misc_18, nicolae_vaults_little_squares_4,
          ontoclasm_vaults_decontamination, layout_vaults_big_room,
          serial_shops, bzr_entry_safe, uniq_margery
Crypt:1:  statuecave_lemuel, layout_chaotic_city, basic_altar
Depths:1: layout_gridlike, abyss_entry_glasseish, roderic_serpentine_path,
          hell_entry, serial_rivers, chequers_serial_rivers_large_a,
          chequers_serial_rivers_room_b, chequers_serial_rivers_small_a,
          chequers_serial_rivers_small_a, chequers_serial_rivers_micro_b,
          kennysheep_generic_room_7, serial_bayou_shore_a
Depths:2: nooodl_heptagram, layout_basic, hell_entry, grunt_pan_entry_sceptre,
          mu_enter_wizlab_7, minmay_door_square
Depths:3: minmay_inner_zag, layout_small_grid, enter_ziggurat_d, pf_coc_iceberg,
          abyss_entry_crystal, rand_demon_pan_entry_5, infiniplex_staircase_x
Depths:4: grunt_zot_entry_alcove, layout_gridville, hell_entry
Zot:1:    circus_mu, layout_basic, grunt_ministairs_9, grunt_megastairs_2,
          uniq_tiamat
Zot:2:    layout_cathedral_of_symmetry, evilmike_ambush
          [evilmike_ambush_outer_corners, evilmike_ambush_inner_basic]
Zot:3:    layout_twisted_circle, hangedman_zot_wheel_spokes
Zot:4:    layout_onion, gammafunk_ghost_tricky_traps
Zot:5:    layout_basic

Skill      XL: |  1  2  3  4  5  6  7  8  9 10 11 12 13 14 15 16 17 18 19 20 21 22 23 24 25 |
---------------+----------------------------------------------------------------------------+-----
Short Blades   | 1 2 3 4 6 7 8 10 11 12 13 14 | 14.0
Stealth        | 3 4 5 7 8 10 11 12 13 14 | 14.0
Fighting       | 1 2 3 4 6 8 10 11 12 13 14 15 16 17 18 | 18.0
Ice Magic      | 1 2 |  2.0
Hexes          | 4 5 6 7 8 9 11 13 16 19 20 21 22 | 22.0
Transmutations | 1 2 4 5 6 8 |  8.0
Earth Magic    | 1 2 |  2.0
Dodging        | 2 4 6 7 8 9 10 12 | 12.0
Shields        | 2 4 5 8 10 14 | 14.0
Spellcasting   | 3 4 6 7 8 10 12 13 14 15 | 15.0
Evocations     | 3 4 5 6 7 8 9 10 | 10.0
Summonings     | 1 5 6 8 |  8.0
Invocations    | 5 7 8 9 10 12 13 14 15 16 23 | 23.4
Conjurations   | 3 4 5 |  5.0
Armour         | 3 4 |  4.5

Action                     |  1- 3 |  4- 6 |  7- 9 | 10-12 | 13-15 | 16-18 | 19-21 | 22-24 | 25-27 || total
---------------------------+-------+-------+-------+-------+-------+-------+-------+-------+-------++-------
  Melee: Dagger            |    92 |    96 |   546 |   455 |   813 |   683 |   437 |   514 |   213 ||  3849
         Punch             |     1 |       |     7 |       |       |       |       |       |       ||     8
         Unarmed           |       |    10 |       |       |       |       |       |     1 |       ||    11
         Rapier            |       |       |       |    83 |    59 |    76 |   165 |   272 |    74 ||   729
         Kick              |       |       |       |       |       |   143 |   269 |   334 |   124 ||   870
  Throw: Stone             |    26 |     4 |     6 |       |       |       |       |       |       ||    36
         Dart              |     8 |    33 |    33 |    19 |    44 |    34 |     5 |    13 |     2 ||   191
         Boomerang         |       |     7 |    18 |    30 |    17 |       |       |       |       ||    72
         Javelin           |       |       |     7 |     2 |       |       |       |       |       ||     9
         Throwing net      |       |       |       |       |       |       |     2 |     3 |     3 ||     8
   Cast: Ensorcelled Hiber |    21 |    17 |    21 |    76 |    70 |    81 |       |       |       ||   286
         Tukima's Dance    |       |     3 |    25 |    32 |    45 |     9 |       |       |       ||   114
         Confusing Touch   |       |     6 |    34 |    24 |    35 |    38 |    30 |    20 |     5 ||   192
         Passwall          |       |       |    11 |    20 |    15 |    27 |     5 |    24 |     3 ||   105
         Sandblast         |       |       |     4 |     7 |       |       |       |       |       ||    11
         Dazzling Flash    |       |       |       |    13 |   126 |   121 |    41 |     6 |       ||   307
         Call Canine Famil |       |       |       |     5 |    27 |    33 |       |       |       ||    65
         Ignition          |       |       |       |       |     1 |       |       |       |       ||     1
         Fulminant Prism   |       |       |       |       |    20 |    26 |       |     2 |     1 ||    49
         Summon Mana Viper |       |       |       |       |     1 |    52 |    28 |    40 |    13 ||   134
         Yara's Violent Un |       |       |       |       |       |    66 |    69 |    73 |    13 ||   221
         Enfeeble          |       |       |       |       |       |     3 |    98 |   174 |    66 ||   341
         Irradiate         |       |       |       |       |       |       |    31 |    19 |    10 ||    60
         Discord           |       |       |       |       |       |       |    64 |   105 |    20 ||   189
         Maxwell's Capacit |       |       |       |       |       |       |     1 |     1 |     1 ||     3
         Shatter           |       |       |       |       |       |       |       |     1 |     1 ||     2
         Ignite Poison     |       |       |       |       |       |       |       |     1 |     1 ||     2
         Fire Storm        |       |       |       |       |       |       |       |       |     1 ||     1
         Dragon's Call     |       |       |       |       |       |       |       |       |     1 ||     1
 Invoke: Reject Sacrifices |       |     1 |       |       |       |       |       |       |       ||     1
         Divine Exegesis   |       |       |       |       |     2 |       |     1 |     2 |     4 ||     9
  Evoke: Wand              |       |       |     3 |    18 |    27 |    37 |     6 |    25 |     5 ||   121
         Tin of tremorston |       |       |       |       |     5 |     5 |     5 |     4 |     2 ||    21
         Condenser vane    |       |       |       |       |     3 |     5 |     2 |     2 |     2 ||    14
         Lightning rod     |       |       |       |       |       |       |     4 |     4 |       ||     8
         Box of beasts     |       |       |       |       |       |       |       |     1 |     1 ||     2
         Phantom mirror    |       |       |       |       |       |       |       |     1 |       ||     1
    Use: Potion            |     1 |     1 |     3 |     5 |    18 |     4 |    12 |    30 |    16 ||    90
         Scroll            |     3 |     3 |     3 |    13 |    16 |    14 |    15 |     5 |     7 ||    79
   Stab: Sleeping          |    21 |    13 |    27 |    63 |    70 |    85 |    28 |    27 |     2 ||   336
         Invisible         |     1 |       |     1 |     6 |    73 |    66 |    67 |   107 |    39 ||   360
         Confused          |       |     4 |    30 |    17 |    27 |    27 |    14 |    15 |     1 ||   135
         Distracted        |       |       |     1 |     1 |     7 |    13 |     2 |     9 |     6 ||    39
         Paralysed         |       |       |       |    47 |   134 |    93 |    90 |    43 |    21 ||   428
         Held in net/web   |       |       |       |       |       |       |       |     6 |     2 ||     8
 Armour: Robe              |    11 |    17 |    72 |       |    65 |   115 |    72 |   109 |    38 ||   499
         Skin              |       |    18 |    62 |       |    22 |       |       |    35 |    21 ||   158
         Steam dragon scal |       |       |    42 |   113 |    79 |       |       |       |       ||   234
  Dodge: Dodged            |    55 |    53 |   202 |   264 |   394 |   487 |   338 |   344 |   194 ||  2331
         Repelled          |       |       |       |       |       |       |       |     1 |     1 ||     2
  Block: Buckler           |       |       |    23 |   179 |   201 |   252 |   155 |       |       ||   810
         Reflection        |       |       |       |     2 |       |       |       |       |       ||     2
         Kite shield       |       |       |       |       |       |       |    28 |   348 |   204 ||   580

Table legend: (Time is in decaauts)
 A = Elapsed time spent in this place.
 B = Non-inter-level travel time spent in this place.
 C = Inter-level travel time spent in this place.
 D = Time resting spent in this place.
 E = Time spent auto-exploring this place.
 F = Levels seen in this place.
 G = Mean time per level.
                   A        B        C        D        E       F      G
               +--------+--------+--------+--------+--------+-----+--------+
         Total |  78142 |  68632 |   9510 |  14788 |  27353 |  57 | 1370.9 |
       Dungeon |  24014 |  19888 |   4126 |   4619 |   6538 |  15 | 1600.9 |
        Temple |    120 |    103 |     17 |      0 |      0 |   1 |  120.0 |
          Lair |   8272 |   7197 |   1075 |    828 |   4195 |   5 | 1654.4 |
         Swamp |   5201 |   4771 |    430 |   1084 |   1819 |   4 | 1300.2 |
     Snake Pit |   5845 |   5539 |    306 |   1100 |   2625 |   4 | 1461.2 |
    Slime Pits |   2019 |   1949 |     70 |   1109 |      0 |   5 |  403.8 |
  Orcish Mines |   2206 |   1673 |    533 |    231 |    702 |   2 | 1103.0 |
   Elven Halls |   4751 |   4399 |    352 |   1004 |   2126 |   3 | 1583.7 |
        Vaults |   6653 |   5521 |   1132 |    484 |   3437 |   4 | 1663.2 |
         Crypt |   1063 |   1033 |     30 |     75 |    611 |   1 | 1063.0 |
        Depths |   5790 |   5125 |    665 |    856 |   2113 |   4 | 1447.5 |
           Zot |  10213 |   9443 |    770 |   2769 |   2813 |   5 | 2042.6 |
        Bazaar |     98 |     98 |      0 |      0 |      0 |   1 |   98.0 |
      Ice Cave |    939 |    939 |      0 |    240 |    325 |   1 |  939.0 |
        Wizlab |      5 |      5 |      0 |      0 |      0 |   1 |    5.0 |
      Gauntlet |    946 |    946 |      0 |    388 |     48 |   1 |  946.0 |
               +--------+--------+--------+--------+--------+-----+--------+

Top non-repeatable levels by time:
   Zot:2: 2916 daAuts
    D:14: 2727 daAuts
     D:4: 2640 daAuts
 Snake:4: 2536 daAuts
   Zot:5: 2490 daAuts
     D:8: 2448 daAuts
   Elf:3: 2334 daAuts
Vaults:3: 1947 daAuts
   Zot:1: 1911 daAuts
     D:9: 1906 daAuts
Depths:2: 1899 daAuts
  Lair:4: 1899 daAuts
  Lair:5: 1873 daAuts
     D:7: 1867 daAuts
  Lair:3: 1787 daAuts
